 Dungeon Crawl Stone Soup version 0.32-a0-981-g384da2ce10 (webtiles) character file.

Game seed: 4250909552116261555

599254 ViolentViolet the Executioner (level 27, 0/229 (231) HPs)
             Began as a Coglin Gladiator on Apr 20, 2024.
             Was the Champion of Hepliaklqana.
             Slain by a quicksilver dragon simulacrum (36 damage)
             ... summoned by a curse skull
             ... on level 10 of a ziggurat on Apr 21, 2024.
             The game lasted 05:10:07 (82767 turns).

ViolentViolet the Executioner (Coglin Gladiator)   Turns: 82767, Time: 05:10:08

HP:   0/229 (231)   AC: 34    Str: 36    XL:     27
MP:   24/30         EV: 16    Int: 17    God:    Hepliaklqana [******]
Gold: 3528          SH:  0    Dex: 22    Spells: 10/26 levels left

rFire   . . .        U - +9 broad axe (drain) {Jabu}
rCold   . . .        L - +8 war axe (vamp) {Thabo}
rNeg    . . .        Q - +4 plate armour "Mutuin" {rElec Str+3 Dex+4 SInv}
rPois   +            a - +1 helmet of Disguise {^Contam Harm rPois Str+5}
rElec   +            d - +1 cloak {Will+}
rCorr   .            W - +1 pair of gloves of Weivouh {Int+4 Dex+2}
SInv    +            f - +0 pair of boots of Paoc {*Corrode Str+5}
Will    +++..        (amulet unavailable) Stlth
                     (ring unavailable)
HPRegen 0.58/turn    (ring unavailable)
MPRegen 0.22/turn    X
                       - N-50 turbogenerator {rElec Slay+3 Clar RMsl}

%: corrode self (3%), harm (+30% outgoing, +20% incoming), repel missiles,
clarity
@: fugue, studying Axes, lightly drained, revving
A: reduced essence, off-hand wielding, slow wielding, warmup strikes, no
jewellery, clever 1, sense surroundings 1, robust 1, weak 1
}: 4/15 runes: serpentine, barnacled, slimy, silver
a: Renounce Religion, Recall Ancestor, Ancestor Identity, Transference, Idealise


You were on level 10 of a ziggurat.
You worshipped Hepliaklqana.
Hepliaklqana was exalted by your worship.
You visited 11 branches of the dungeon, and saw 51 of its levels.
You visited 1 bazaar.
You visited 1 ziggurat, and saw 10 of its levels.
You also visited: Trove, Ossuary, Bailey, Gauntlet, Ice Cave, Wizlab and Desolation.

You collected 8152 gold pieces.
You spent 4624 gold pieces at shops.

Inventory:

Hand Weapons
 L - a +8 vampiric war axe (offhand) {Thabo}
 U - a +9 broad axe of draining (weapon) {Jabu}
Missiles
 g - 9 javelins
 n - 53 boomerangs (quivered)
 z - 13 silver javelins
 H - 11 throwing nets
 T - 4 curare-tipped darts
Armour
 a - the +1 helmet of Disguise (worn) {^Contam Harm rPois Str+5}
   (You found it on level 5 of the Pits of Slime)

   Str+5:     It affects your strength (+5).
   rPois:     It protects you from poison.
   ^Contam:   It causes magical contamination when unequipped.
   Harm:      It increases damage dealt and taken.
 c - a +1 helmet of see invisible
 d - a +1 cloak of willpower (worn)
 f - the +0 pair of boots of Paoc (worn) {*Corrode Str+5}
   (You found it in the Desolation of Salt)

   Str+5:     It affects your strength (+5).
   *Corrode:  It may corrode you when you take damage.
 u - the +6 faerie dragon scales {Harm rN++ rCorr Int+2 Dex-4}
   (You took it off the Enchantress on level 1 of the Depths)

   Int+2:     It affects your intelligence (+2).
   Dex-4:     It affects your dexterity (-4).
   rN++:      It greatly protects you from negative energy.
   rCorr:     It protects you from acid and corrosion.
   Harm:      It increases damage dealt and taken.
 y - the -1 hat of Xoonkut {+Blink rC+ rCorr}
   (You found it in a treasure trove)

   rC+:       It protects you from cold.
   +Blink:    It lets you blink.
   rCorr:     It protects you from acid and corrosion.
 Q - the +4 plate armour "Mutuin" (worn) {rElec Str+3 Dex+4 SInv}
   (You found it in a treasure trove)

   Str+3:     It affects your strength (+3).
   Dex+4:     It affects your dexterity (+4).
   rElec:     It insulates you from electricity.
   SInv:      It lets you see invisible.
 W - the +1 pair of gloves of Weivouh (worn) {Int+4 Dex+2}
   (You found it in an ice cave)

   Int+4:     It affects your intelligence (+4).
   Dex+2:     It affects your dexterity (+2).
Gizmo
 X - a N-50 turbogenerator (installed) {rElec Slay+3 Clar RMsl}
   (You invented it yourself on level 13 of the Dungeon)

   [N-50 turbogenerator]

   Slay+3:    It affects your accuracy & damage with ranged weapons and melee
   (+3).
   rElec:     It insulates you from electricity.
   Clar:      It protects you from confusion, rage, mesmerisation and fear.
   RMsl:      It protects you from missiles.
Wands
 e - a wand of paralysis (59)
 s - a wand of roots (29)
 R - a wand of digging (25)
 V - a wand of quicksilver (41)
 Z - a wand of mindburst (42)
Scrolls
 h - 3 scrolls of immolation
 i - 9 scrolls of enchant armour
 l - 20 scrolls of teleportation
 r - 8 scrolls of fear
 w - 2 scrolls of summoning
 x - 9 scrolls of vulnerability
 D - 5 scrolls of blinking
 E - 10 scrolls of fog
 F - 6 scrolls of revelation
 I - 14 scrolls of poison
 P - 8 scrolls of silence
Potions
 j - 6 potions of invisibility
 k - 2 potions of attraction
 m - 3 potions of heal wounds
 o - 6 potions of lignification
 p - 8 potions of haste
 q - 5 potions of ambrosia
 t - 7 potions of might
 A - 4 potions of cancellation
 B - 13 potions of curing
 C - 7 potions of enlightenment
 G - a potion of berserk rage
 K - 12 potions of brilliance
 N - 2 potions of resistance
 O - 9 potions of magic
 Y - 8 potions of mutation
Miscellaneous
 b - a Gell's gravitambourine (inert)
 v - a lightning rod (inert)
 J - a sack of spiders
 M - a phantom mirror
 S - a condenser vane (inert)


   Skills:
 + Level 21.9 Fighting
 - Level 0.6(1.2) Short Blades
 - Level 1.8(2.0) Long Blades
 * Level 22.2 Axes
 - Level 0.9(13.5) Maces & Flails
 - Level 0.9(13.5) Polearms
 - Level 0.8(1.2) Staves
 - Level 1.3 Ranged Weapons
 * Level 8.1 Throwing
 - Level 21.0 Armour
 - Level 12.1 Dodging
 - Level 0.5 Stealth
 - Level 0.8 Shields
 - Level 0.9 Unarmed Combat
 - Level 0.1 Spellcasting
 - Level 5.0 Conjurations
 - Level 1.3 Hexes
 - Level 1.2 Summonings
 - Level 8.0 Necromancy
 - Level 12.0 Translocations
 - Level 0.8 Fire Magic
 - Level 0.4 Ice Magic
 - Level 13.0 Air Magic
 - Level 0.9 Earth Magic
 - Level 6.0 Alchemy
 - Level 10.0 Invocations
 * Level 17.7 Evocations
 - Level 0.7 Shapeshifting


You had 10 spell levels left.
You knew the following spells:

 Your Spells              Type           Power      Damage    Failure   Level
a - Swiftness             Air            44%        N/A       1%          3
b - Apportation           Tloc           80%        N/A       1%          1
c - Blink                 Tloc           80%        N/A       1%          2
d - Vhi's Electric Charg  Tloc/Air       84%        N/A       4%          4
e - Mephitic Cloud        Conj/Alch/Air  27%        N/A       9%          3
f - Fugue of the Fallen   Necr           27%        N/A       8%          3

Your spell library contained the following spells:

 Spells                   Type           Power      Damage    Failure   Level
 Shock                    Conj/Air       100%       1d9       1%          1
 Lesser Beckoning         Tloc           80%        N/A       1%          2
 Maxwell's Portable Pile  Tloc           40%        2d(9-25)  1%          3
 Teleport Other           Tloc           40%        N/A       1%          3
 Necrotise                Necr           100%       1d9       2%          1
 Cigotuvi's Dreadful Rot  Necr/Alch/Air  60%        N/A       2%          2
 Momentum Strike          Conj/Tloc      58%        3d9       3%          2
 Airstrike                Air            22%        2d(4-20)  3%          4
 Sting                    Conj/Alch      72%        1d7       8%          1
 Magic Dart               Conj           68%        1d6       10%         1
 Searing Ray              Conj           34%        2d5       14%         2
 Volatile Blastmotes      Fire/Tloc      44%        2d13      16%         3
 Foxfire                  Conj/Fire      40%        2x1d6     22%         1
 Iskenderun's Mystic Bla Conj/Tloc 29%            2d7        (+2d3     22%         4
 Animate Dead             Necr           27%        N/A       26%         4
 Dispel Undead            Necr           27%        3d13      26%         4
 Summon Lightning Spire   Summ/Air       24%        N/A       36%         4
 Slow                     Hex            16%        N/A       38%         1
 Summon Small Mammal      Summ           16%        N/A       41%         1
 Dimensional Bullseye     Hex/Tloc       11%        N/A       43%         4
 Arcjolt                  Conj/Air       15%        1d25      45%         5
 Freeze                   Ice            4%         1d3       52%         1
 Dazzling Flash           Conj/Hex       20%        N/A       52%         3
 Call Imp                 Summ           8%         N/A       54%         2
 Jinxbite                 Hex            8%         N/A       54%         2
 Hailstorm                Conj/Ice       9%         3d6       56%         3
 Ensorcelled Hibernation  Hex/Ice        6%         N/A       58%         2
 Fulminant Prism          Conj/Alch      9%         3d6       58%         4
 Anguish                  Hex/Necr       8%         N/A       71%         4
 Silence                  Hex/Air        12%        N/A       71%         5
 Sigil of Binding         Hex            4%         N/A       77%         3
 Tukima's Dance           Hex            4%         N/A       77%         3
 Call Canine Familiar     Summ           4%         N/A       78%         3
 Summon Forest            Summ/Tloc      11%        N/A       80%         5
 Passwall                 Erth           3%         N/A       82%         3
 Summon Ice Beast         Ice/Summ       2%         N/A       83%         3
 Freezing Cloud           Conj/Ice/Air   10%        6-21      85%         5
 Leda's Liquefaction      Alch/Erth      6%         N/A       86%         4
 Petrify                  Alch/Erth      12%        N/A       86%         4
 Alistair's Intoxication  Alch           13%        N/A       86%         5
 Ignite Poison            Fire/Alch      11%        N/A       87%         4
 Sticky Flame             Fire/Alch      11%        2d5       87%         4
 Frozen Ramparts          Ice            2%         1d1       88%         3
 Ozocubu's Armour         Ice            1%         N/A       88%         3
 Brom's Barrelling Bould  Conj/Erth      10%        2d3       91%         4
 Iskenderun's Battlesphe  Conj           17%        2d7       95%         5
 Conjure Ball Lightning   Conj/Air       15%        3x3d6     95%         6
 Borgnjor's Vile Clutch   Necr/Erth      7%         N/A       97%         5
 Animate Armour           Summ/Erth      6%         N/A       99%         4
 Cause Fear               Hex            2%         N/A       99%         4
 Summon Blazeheart Golem  Fire/Summ      3%         N/A       99%         4
 Fireball                 Conj/Fire      5%         3d5       99%         5
 Yara's Violent Unravell  Hex/Alch       6%         3d5       99%         5
 Death Channel            Necr           13%        N/A       99%         6
 Manifold Assault         Tloc           20%        N/A       99%         7
 Lee's Rapid Deconstruct  Erth           1%         3d4*      100%        5
 Metabolic Englaciation   Hex/Ice        1%         N/A       100%        5
 Summon Mana Viper        Hex/Summ       4%         N/A       100%        5
 Bombard                  Conj/Erth      5%         9d2       100%        6
 Eringya's Noxious Bog    Alch           10%        4d6       100%        6
 Permafrost Eruption      Ice/Erth       1%         2x4d1     100%        6
 Plasma Beam              Fire/Air       11%        2x1d22    100%        6
 Sculpt Simulacrum        Ice/Alch       5%         N/A       100%        6
 Starburst                Conj/Fire      5%         6d4       100%        6
 Enfeeble                 Hex            2%         N/A       100%        7
 Magnavolt                Erth/Air       11%        3d11      100%        7
 Monstrous Menagerie      Summ           2%         N/A       100%        7
 Orb of Destruction       Conj           8%         9d6       100%        7
 Rimeblight               Ice/Necr       7%         2d3       (prima100%   7
 Seismic Cannonade        Alch/Erth      6%         6d5       100%        7
 Spellforged Servitor     Conj/Summ      5%         N/A       100%        7
 Summon Hydra             Summ           2%         N/A       100%        7
 Discord                  Hex            2%         N/A       100%        8
 Fulsome Fusillade        Conj/Alch      9%         (3-5)d6   100%        8
 Ignition                 Fire           1%         3d3       100%        8
 Lehudib's Crystal Spear  Conj/Erth      5%         10d3      100%        8
 Maxwell's Capacitive Co  Air            22%        ∞         100%        8
 Chain Lightning          Conj/Air       15%        3d20      100%        9
 Dragon's Call            Summ           2%         N/A       100%        9
 Fire Storm               Conj/Fire      5%         8d1       100%        9
 Polar Vortex             Ice            0%         N/A       100%        9
 Shatter                  Erth           1%         3d6*      100%        9


Dungeon Overview and Level Annotations

Branches:
Dungeon (15/15)            Temple (1/1) D:4            Lair (5/5) D:10
 Shoals (4/4) Lair:3        Snake (4/4) Lair:2        Slime (5/5) Lair:4
    Orc (2/2) D:9             Elf (3/3) Orc:2        Vaults (5/5) D:13
  Crypt (3/3) Vaults:3       Tomb (0/3) Crypt:3      Depths (4/4) D:15
    Zot (0/5) Depths:4    Ossuary (visited)          Bailey (visited)
  IceCv (visited)          WizLab (visited)         Desolation (visited)
Gauntlet (visited)

Altars:
Ashenzari
Cheibriados
Dithmenos
Elyvilon
Fedhas
Gozag
Hepliaklqana
Kikubaaqudgha
Makhleb
Nemelex Xobeh
Okawaru
Qazlal
Ru
Sif Muna
Trog
Uskayaw
Vehumet
Wu Jian
Xom
Yredelemnul
Zin
The Shining One
Jiyva

Shops:
D:4 *!=   D:6 (   D:10 [   D:13 =   D:14 =?(*=   Orc:2 ?!**   Shoals:1 *
Shoals:4 (   Snake:3 [(?   Vaults:3 :   Vaults:4 ?   Depths:2 ?

Portals:
Hell: Depths:1 Depths:2 Depths:3 Depths:4
Abyss: Depths:1 Depths:3
Pandemonium: Depths:2 Depths:4

Annotations:
D:1 exclusion: downstairs
D:2 Sigmund
D:3 exclusion: 2 downstairs
D:4 exclusion: downstairs
D:5 exclusions: ancestor and upstairs
D:6 2 runed translucent doors, exclusion: downstairs, NotYourErnst's ghost, novice OpIE
D:10 exclusion: downstairs
D:12 3 runed translucent doors, Snaaty's ghost, journeyman GrEE
D:13 exclusion: 2 downstairs
Lair:1 exclusion: downstairs
Shoals:1 exclusion: 2 downstairs
Shoals:3 3 runed translucent doors, happinesssam's ghost, adept BaWn; prygans's ghost, adept MiFi
Snake:3 exclusion: downstairs
Snake:4 3 runed translucent doors, Ge0ff's ghost, adept TrAl; Kiejah's ghost, adept DsNe; MirrMurr's ghost, adept CoBe
Vaults:2 exclusion: downstairs
Depths:3 2 runed translucent doors


Innate Abilities, Weirdness & Mutations

Your life essence is reduced to manifest your ancestor. (-10% HP)
You can wield a second weapon in your off-hand.
It takes a long time for you to wield or remove held weapons.
Your first few attacks do less damage.
You cannot equip rings or amulets.
Your mind is acute. (Int +4, Str/Dex -1)
You passively map a small area around you.
You are robust. (+10% HP)
You are weak. (Str -2)


Message History

Kuinyc Zuyng resists.
The laughing skull barely misses Kuinyc Zuyng.
Kuinyc Zuyng gestures at the quicksilver dragon simulacrum while chanting.
The quicksilver dragon simulacrum struggles to resist.
The soul eater misses you.
The curse skull rattles its jaw.
The quicksilver dragon simulacrum bites Kuinyc Zuyng.
The quicksilver dragon simulacrum freezes Kuinyc Zuyng!!
Kuinyc Zuyng resists.
Kuinyc Zuyng is destroyed!
A reaper, a phantasmal warrior, a vampire knight and a revenant come into view.
The reaper is wielding a +2 scythe of venom.
The wailing of tortured souls fills the air!
The vampire knight shouts!
The revenant shouts!
The curse skull gives a chilling moan.
The laughing skull barely misses you.
The curse skull rattles its jaw.
The soul eater hits you but does no damage.
A vampire knight comes into view.
It is wielding a +1 great mace of venom.
The revenant lashes out with ghostly flames.
The ghostly flame explodes!
The ghostly fireball engulfs the laughing skull.
The laughing skull completely resists.
The ghostly fireball engulfs you.
You feel drained.
* * * LOW HITPOINT WARNING * * *
The ghostly fireball engulfs the quicksilver dragon simulacrum.
The quicksilver dragon simulacrum completely resists.
The ghostly fireball engulfs the curse skull.
The curse skull completely resists.
The ghostly fireball engulfs the titan simulacrum.
The titan simulacrum completely resists.
The ghostly fireball engulfs the soul eater.
The soul eater completely resists.
The wight attacks as it pursues you! The wight hits you but does no damage.
The quicksilver dragon simulacrum bites you but does no damage.
The quicksilver dragon simulacrum claws you.
* * * LOW HITPOINT WARNING * * *
The quicksilver dragon simulacrum freezes you!!
You die...
Hepliaklqana delivers you to your ancestors.

* * ,........▓
........▓
........▓ *
........▓▓▓▓▓▓
.............▓
,
.V...........▓
*
.2....ZZW....▓
,
.Z....z@.§...▓
MWz.z.z3z...∩▓
,
VzWW.Z.§°....▓
,
WV..n..W.....▓
,
.............▓
.............▓
........▓▓▓▓▓▓
........▓
........▓


You could see 2 revenants, a reaper, 2 vampire knights, a soul eater, 2 flayed
ghosts, 2 curse skulls, 3 phantasmal warriors, a freezing wraith (summoned), a
spectral storm dragon (summoned), a vampire (summoned), a laughing skull
(summoned), a necrophage (summoned), a mummy (summoned), a wight (summoned), a
quicksilver dragon simulacrum (summoned), an iron dragon simulacrum (summoned)
and a titan simulacrum (summoned).

Vanquished Creatures
  the Royal Jelly (Slime:5)
  3 dread liches
  3 ancient liches
  Xtahua (Crypt:2)
  Boris (Crypt:2)
  A curse toe (Crypt:3)
  Margery (Depths:4)
  2 golden dragons
  the Enchantress (Depths:1)
  An iron giant (Zig:4)
  A spectral shard shrike (Crypt:3)
  A doom hound (Crypt:1)
  A hellephant (Depths:4)
  A Hell Sentinel (Zig:4)
  4 liches
  Grunn (Crypt:1)
  5 tentacled monstrosities
  6 titans
  2 shard shrike skeletons (Crypt:3)
  12 acid blobs
  A quicksilver dragon (Vaults:5)
  7 ancient champions
  3 deep elf master archers
  Frances (Shoals:2)
  7 sphinxes
  2 deep elf blademasters (Elf:3)
  A kraken (Shoals:4)
  5 tengu reavers
  Aizul (Snake:4)
  Donald (Shoals:4)
  4 shadow dragons (Vaults:5)
  7 rockslimes
  2 storm dragons (Depths:3)
  5 nagarajas
  Ilsuiw (Shoals:2)
  9 frost giants
  9 fire giants
  5 revenants
  13 azure jellies
  A draconian monk (Depths:4)
  A draconian shifter (Depths:4)
  10 vault wardens
  5 ghouls (Crypt:2)
  2 deep elf sorcerers
  A ghost moth (Zig:7)
  An imperial myrmidon (Desolation)
  2 caustic shrike zombies
  A draconian scorcher (Depths:4)
  5 deep elf elementalists
  2 iron dragons
  3 curse skulls (Crypt:3)
  A reaper (Crypt:3)
  2 orc warlords
  3 formless jellyfish
  16 very ugly things
  6 spriggan defenders
  14 ironbound preservers
  5 vampire knights
  9 deep elf death magi
  19 stone giants
  4 ironbound thunderhulks
  15 quicksilver oozes
  4 halazid warlocks
  2 green draconians (Depths:4)
  3 deep elf demonologists
  3 deep elf annihilators
  A minotaur (Gauntlet)
  A white draconian (Depths:4)
  4 spark wasps (Depths:2)
  3 yellow draconians (Depths:4)
  6 war gargoyles
  6 dire elephants
  15 ettins
  A blizzard demon (Depths:2)
  9 fire dragons
  An eidolon (WizLab)
  8 merfolk impalers
  6 crystal guardians
  3 entropy weavers
  A mummy priest (Crypt:3)
  7 merfolk javelineers
  4 ragged hierophants (Desolation)
  5 deep elf high priests
  4 rakshasas
  2 servants of whispers (Desolation)
  12 jiangshi
  Josephine (Orc:1)
  10 yaktaur captains
  5 hydras
  5 great orbs of eyes
  32 vault guards
  6 ice dragons
  7 peacekeepers
  4 salamander tyrants (Snake:4)
  A juggernaut simulacrum (Crypt:1)
  A catoblepas (Lair:3)
  A two-headed ogre (shapeshifter) (D:11)
  6 spriggan air magi
  A quicksilver dragon skeleton (Crypt:3)
  9 ironbound frosthearts
  An ogre mage (Vaults:5)
  14 centaur warriors
  5 satyrs
  16 anacondas
  2 alligator snapping turtles (Shoals:4)
  2 death knights (D:14)
  4 merfolk avatars
  6 two-headed ogres
  24 dancing weapons
  3 merfolk aquamancers
  5 boulder beetles
  A death scarab (Zig:1)
  A radroach (Zig:7)
  A death yak (Lair:3)
  8 deep troll earth magi
  5 tengu warriors
  9 deep troll shamans
  2 orc high priests (Elf:3)
  A titan zombie (WizLab)
  An occultist (Depths:1)
  8 shock serpents
  2 soul eaters
  5 spriggan berserkers
  8 vampire magi
  6 naga sharpshooters
  5 hell knights
  20 deep elf knights
  8 iron trolls
  7 naga warriors
  A skyshark (shapeshifter) (Depths:4)
  4 skysharks
  13 deep elf archers
  3 shadow wraiths
  A bunyip zombie (Crypt:3)
  An anaconda zombie (Crypt:3)
  A pharaoh ant (Zig:7)
  25 skeletal warriors
  4 flayed ghosts
  4 salamander mystics
  A spark wasp zombie (WizLab)
  13 sea snakes
  38 deep trolls
  2 naga ritualists
  A glowing orange brain (Zig:6)
  An orange crystal statue (Zig:4)
  A sun moth (Zig:7)
  8 arcanists
  2 bog bodies (Crypt:2)
  5 mana vipers
  Pikel (D:6)
  A spectral alligator (Crypt:3)
  An iron giant skeleton (Crypt:3)
  A spectral iron dragon (Crypt:3)
  20 ironbound convokers
  12 lindwurms
  26 deep elf pyromancers
  11 orc knights
  6 thermic dynamos
  4 necromancers
  9 harpies
  16 phantasmal warriors
  26 ugly things
  A steelbarb worm (Zig:7)
  2 obsidian statues (Zig:4)
  24 deep elf zephyrmancers
  5 fauns
  A glowing shapeshifter (Vaults:5)
  A wolf spider (Zig:7)
  10 cyclopes
  2 spectral spriggans
  3 shining eyes
  10 manticores
  24 vault sentinels
  14 salamanders
  A spectral centaur (Crypt:3)
  A moth of wrath (Zig:7)
  6 kobold blastminers
  A stone giant skeleton (Crypt:3)
  A frost giant skeleton (Crypt:2)
  43 black mambas
  3 merfolk sirens
  7 guardian serpents
  A naga zombie (Crypt:3)
  An eye of devastation (Slime:4)
  10 elephants
  18 naga magi
  6 meliai
  3 molten gargoyles (Lair:5)
  6 water nymphs
  An alligator snapping turtle zombie (Crypt:1)
  2 torpor snails
  A storm dragon simulacrum (Crypt:3)
  8 freezing wraiths
  3 ice statues
  6 cane toads
  A gargoyle (D:13)
  A cane toad (shapeshifter) (Vaults:5)
  A hellion (Depths:2)
  7 rime drakes
  An orb spider zombie (Crypt:3)
  5 komodo dragons
  10 yaktaurs
  3 tengu conjurers
  An anaconda simulacrum (Crypt:2)
  9 guardian mummies
  5 harpy zombies
  An alligator snapping turtle skeleton (Crypt:1)
  20 merfolk
  8 trolls
  A queen bee (shapeshifter) (Depths:1)
  A grey draconian skeleton (Crypt:3)
  A hornet (shapeshifter) (Elf:1)
  4 polar bears
  23 saltlings (Desolation)
  5 hornets
  A jumping spider (shapeshifter) (Vaults:3)
  4 glass eyes
  7 wind drakes
  A boulder beetle zombie (Crypt:1)
  A tarantella zombie (Crypt:2)
  25 blink frogs
  A harpy skeleton (Crypt:3)
  A radroach zombie (Crypt:1)
  12 snapping turtles
  A spriggan zombie (WizLab)
  A centaur simulacrum (D:15)
  78 slime creatures
  6 water elementals
  47 yaks
  An air elemental (Zig:3)
  A shadow (D:12)
  11 wyverns
  10 wraiths
  A fire dragon skeleton (Crypt:3)
  A hog (shapeshifter) (Elf:1)
  A wind drake zombie (Crypt:1)
  Eustachio (D:4)
  5 spriggans
  8 golden eyes
  9 basilisks
  4 fire elementals
  A human (shapeshifter) (D:14)
  8 wargs
  A redback (Vaults:4)
  A steam dragon (Lair:5)
  3 vampire mosquitoes
  A tyrant leech zombie (Crypt:2)
  A swamp worm (shapeshifter) (Vaults:5)
  A harpy simulacrum (Crypt:3)
  42 nagas
  Edmund (D:4)
  3 acid dragons
  11 water moccasins
  2 naga skeletons (Crypt:3)
  4 hell hounds (Lair:5)
  52 orc warriors
  3 sky beasts
  A water nymph skeleton (Crypt:2)
  An ice beast (D:5)
  A lindwurm zombie (Crypt:1)
  23 laughing skulls
  3 boggarts (Vaults:4)
  5 ogres
  A swamp dragon zombie (Crypt:2)
  18 wolves
  18 centaurs
  A lemure (D:6)
  7 kobold brigands
  A weeping skull (Gauntlet)
  A komodo dragon zombie (Crypt:1)
  A warg zombie (Crypt:1)
  2 gnoll sergeants
  8 bullfrogs
  3 earth elementals
  A water moccasin zombie (Crypt:3)
  A draconian skeleton (Crypt:3)
  A scorpion (D:6)
  4 wights (D:8)
  2 hexers
  2 killer bees (D:10)
  2 lindwurm simulacra (IceCv)
  A troll zombie (Crypt:1)
  An electric eel (Snake:2)
  5 howler monkeys
  2 bombardier beetles
  4 lava snakes (Lair:5)
  3 komodo dragon simulacra (IceCv)
  7 jellies (Lair:5)
  18 orc priests
  5 hounds
  2 gnoll boudas
  3 iguanas
  24 orc wizards
  2 hell rats (Lair:3)
  2 spriggan simulacra
  2 troll simulacra (D:11)
  A hound skeleton (Crypt:2)
  A hound zombie (Crypt:2)
  9 mummies
  6 adders
  21 gnolls
  A howler monkey skeleton (Crypt:1)
  5 river rats (Lair:3)
  7 acid dragon simulacra (IceCv)
  A naga simulacrum (D:11)
  A shadow imp (D:7)
  4 steam dragon simulacra (IceCv)
  6 ribbon worms
  2 dart slugs
  128 orcs
  8 bats
  7 endoplasms
  3 giant cockroaches
  20 goblins
  15 hobgoblins
  8 jackals
  6 quokkas
  6 ball pythons
  An endoplasm zombie (Crypt:1)
  5 frilled lizards
  A frilled lizard zombie (Crypt:3)
  A hobgoblin zombie (Ossuary)
  42 kobolds
  2 kobold zombies (Ossuary)
  An orc zombie (Ossuary)
  5 rats
  7 tentacles (Shoals:4)
2132 creatures vanquished.

Vanquished Creatures (collateral kills)
  An ancient lich (Vaults:5)
  A juggernaut (Depths:3)
  A golden dragon (Depths:4)
  Nikola (Vaults:1)
  A doom hound (Crypt:1)
  A tentacled monstrosity (Depths:3)
  A deep elf master archer (Elf:3)
  2 titans (Vaults:5)
  3 acid blobs (Slime:5)
  3 ancient champions
  2 storm dragons (Vaults:5)
  2 azure jellies
  2 tengu reavers
  3 rockslimes (Slime:5)
  A revenant (Crypt:1)
  A shadow dragon (Vaults:5)
  A fire giant (Depths:3)
  A nagaraja (Snake:4)
  A quicksilver elemental (Zig:4)
  A deep elf sorcerer (Elf:3)
  A frost giant (Shoals:4)
  2 vault wardens
  A deep elf elementalist (Elf:3)
  3 stone giants
  3 ironbound preservers
  3 quicksilver oozes
  A spriggan defender (Depths:1)
  An ironbound thunderhulk (Vaults:2)
  4 very ugly things
  A deep elf demonologist (Elf:3)
  A demonspawn black sun (Zig:2)
  A halazid warlock (WizLab)
  5 deep elf death magi
  A dire elephant (Vaults:2)
  A spark wasp (Depths:3)
  A spectral titan (WizLab)
  A deep elf annihilator (Elf:3)
  An acid blob zombie (Crypt:3)
  A crystal guardian (Desolation)
  A spectral quicksilver dragon (WizLab)
  2 ettins
  3 eidola
  4 jiangshi
  A merfolk impaler (Shoals:2)
  A deep elf high priest (Elf:3)
  An ice dragon (Depths:4)
  A fire dragon (Depths:1)
  A great orb of eyes (Vaults:4)
  A vault guard (Vaults:2)
  2 yaktaur captains
  Fannar (D:11)
  3 hydras
  A caustic shrike simulacrum (Crypt:3)
  4 centaur warriors
  Erica (D:8)
  4 dancing weapons (Elf:2)
  2 death yaks (Lair:3)
  A deep troll earth mage (Depths:2)
  A naga sharpshooter (Snake:4)
  An orc high priest (Orc:2)
  A spriggan berserker (Depths:1)
  Urug (Lair:2)
  2 deep elf knights (Elf:2)
  2 iron trolls
  3 deep elf archers
  A shadow wraith (WizLab)
  2 skysharks
  6 skeletal warriors
  A salamander mystic (Snake:4)
  2 sea snakes
  5 deep trolls
  A lindwurm (Snake:4)
  An arcanist (D:11)
  A bog body (Crypt:2)
  3 harpies
  An ironbound convoker (Desolation)
  7 deep elf pyromancers
  3 deep elf zephyrmancers
  An orc knight (D:15)
  A necromancer (WizLab)
  A wolf spider (Zig:7)
  3 manticores
  5 fauns
  A shining eye (Slime:3)
  5 ugly things
  A salamander (Snake:2)
  A centaur zombie (Crypt:2)
  A merfolk siren (Shoals:2)
  A meliai (D:14)
  3 guardian serpents (Snake:4)
  A kobold blastminer (Orc:2)
  A naga zombie (Crypt:2)
  An eye of devastation (Slime:3)
  5 vault sentinels
  3 naga magi
  3 water nymphs
  5 elephants
  A black mamba (Zig:5)
  2 cane toads
  An unseen horror (D:11)
  A torpor snail (Lair:3)
  2 rime drakes (IceCv)
  A yaktaur (Zig:9)
  An alligator snapping turtle skeleton (Crypt:2)
  A komodo dragon (Lair:2)
  A freezing wraith (Crypt:2)
  A kobold demonologist (D:11)
  2 trolls
  10 merfolk
  2 blink frogs
  A wind drake (Shoals:1)
  3 saltlings (Desolation)
  A meliai zombie (Crypt:2)
  2 dream sheep (Shoals:1)
  A snapping turtle (Shoals:4)
  An ettin zombie (Crypt:3)
  12 slime creatures
  A shadow (D:12)
  2 wyverns
  A water elemental (Shoals:4)
  6 yaks
  2 wraiths
  4 golden eyes
  2 basilisks
  A warg (Orc:2)
  A naga (shapeshifter) (D:11)
  2 acid dragons
  2 nagas (Snake:2)
  A water moccasin (D:7)
  4 orc warriors
  4 laughing skulls
  A manticore zombie (Crypt:2)
  2 centaurs (D:11)
  3 wolves
  3 ogres
  4 kobold brigands
  A gnoll sergeant (D:11)
  An earth elemental (Elf:1)
  A wight (D:8)
  2 killer bees
  A swamp dragon simulacrum (Crypt:2)
  A lava snake (Lair:5)
  2 komodo dragon simulacra (IceCv)
  A hound (D:9)
  A jelly (Lair:5)
  4 orc priests
  2 gnoll boudas
  6 orc wizards
  An acid dragon zombie (Crypt:2)
  A mummy (Ossuary)
  2 adders
  5 gnolls
  2 acid dragon simulacra (IceCv)
  A steam dragon simulacrum (IceCv)
  19 orcs
  2 goblins (Bailey)
  6 hobgoblins
  7 kobolds
  A gnoll zombie (Ossuary)
  2 kobold zombies (Ossuary)
  An orc zombie (Ossuary)
352 creatures vanquished.

Vanquished Creatures (others)
  A merfolk aquamancer (Shoals:4)
  A vampire mage (WizLab)
  A black mamba (Snake:4)
  A yaktaur (Vaults:2)
  A saltling (Desolation)
  A naga (Snake:3)
  An electric eel (Snake:2)
  An orc wizard (D:3)
  53 hexers
  3 ancestors (D:6)
  5 tentacles (Shoals:4)
69 creatures vanquished.

Grand Total: 2553 creatures vanquished

Notes
Turn   | Place    | Note
-------+----------+-------------------------------------------
     0 | D:1      | ViolentViolet the Coglin Gladiator began the quest for the
                  | Orb.
     0 | D:1      | Reached XP level 1. HP: 16/16 MP: 1/1
    82 | D:1      | You fall into a shaft and drop 1 floor!
   106 | D:2      | Reached XP level 2. HP: 22/22 MP: 2/2
   429 | D:1      | Found a faded altar of an unknown god.
   518 | D:1      | Reached XP level 3. HP: 27/27 MP: 3/3
  1291 | D:2      | Noticed Sigmund
  2227 | D:3      | Reached skill level 4 in Axes
  2227 | D:3      | Reached XP level 4. HP: 25/33 MP: 4/4
  2230 | D:3      | Reached skill level 1 in Armour
  2236 | D:3      | Reached XP level 5. HP: 28/39 MP: 5/5
  2404 | D:3      | Noticed a sky beast
  2413 | D:3      | Killed a sky beast
  2414 | D:3      | Reached skill level 5 in Axes
  2414 | D:3      | Reached XP level 6. HP: 46/46 MP: 6/6
  2681 | D:3      | Found an ancient bone altar of Kikubaaqudgha.
  2906 | D:4      | Found a staircase to the Ecumenical Temple.
  2915 | Temple   | Entered the Ecumenical Temple
  2931 | Temple   | Became a worshipper of Hepliaklqana the Forgotten
  3044 | D:4      | Noticed Edmund
  3104 | D:4      | Found Aqakeic's Assorted Antiques.
  3104 | D:4      | Found Deiffus's Distillery.
  3104 | D:4      | Found Cuxarol's Jewellery Emporium.
  3106 | D:4      | Bought a bubbling golden potion for 18 gold pieces
  3106 | D:4      | Bought a lumpy green potion for 18 gold pieces
  3106 | D:4      | Bought a scroll labelled DYUZORH JORR for 20 gold pieces
  3172 | D:4      | Killed Edmund
  3309 | D:4      | Bought a potion of heal wounds for 60 gold pieces
  3502 | D:4      | Noticed Eustachio
  3518 | D:4      | Killed Eustachio
  3519 | D:4      | Reached XP level 7. HP: 52/52 MP: 7/7
  4015 | D:4      | Reached skill level 6 in Axes
  4221 | D:5      | Entered Level 5 of the Dungeon
  4539 | D:5      | Reached * piety under Hepliaklqana
  4789 | D:5      | Found a sparkling altar of Nemelex Xobeh.
  4793 | D:5      | Found a burning altar of Makhleb.
  4888 | D:5      | Reached XP level 8. HP: 54/54 MP: 8/8
  5015 | D:6      | Reached skill level 7 in Axes
  5076 | D:6      | Found a large runed translucent door.
  5076 | D:6      | Found a large runed translucent door.
  5081 | D:6      | Noticed NotYourErnst's ghost (novice OpIE)
  5644 | D:6      | Noticed Pikel
  5662 | D:6      | Killed Pikel
  5663 | D:6      | Reached skill level 8 in Axes
  5663 | D:6      | Reached XP level 9. HP: 43/59 MP: 9/9
  5968 | D:6      | Reached skill level 5 in Throwing
  5986 | D:6      | Reached skill level 5 in Fighting
  6135 | D:6      | Found Aprig's Weapon Shop.
  6603 | D:7      | Reached ** piety under Hepliaklqana
  6604 | D:7      | Remembered your ancestor Kuinyc Zuyng as a hexer
  6657 | D:7      | Found a sand-covered staircase.
  6687 | Ossuary  | Entered an ossuary
  6724 | Ossuary  | Reached skill level 5 in Armour
  7081 | D:7      | Reached skill level 9 in Axes
  7461 | D:8      | Reached skill level 1 in Invocations
  7483 | D:8      | Noticed Erica
  7513 | D:8      | Killed Erica
  7514 | D:8      | Reached XP level 10. HP: 68/68 MP: 8/11
  7716 | D:8      | Reached skill level 10 in Axes
  8416 | D:9      | Found a blossoming altar of Fedhas.
  8446 | D:9      | Reached *** piety under Hepliaklqana
  8523 | D:9      | Reached skill level 1 in Evocations
  8898 | D:9      | Reached skill level 11 in Axes
  8899 | D:9      | Reached XP level 11. HP: 63/75 MP: 13/13
  8949 | D:9      | Found a basalt altar of Yredelemnul.
  8971 | D:9      | Found an ornate altar of the Wu Jian Council.
  9137 | D:9      | Found a staircase to the Orcish Mines.
  9917 | D:10     | Entered Level 10 of the Dungeon
  9917 | D:10     | Found a staircase to the Lair.
 10256 | D:10     | Found a flagged portal.
 10267 | Bailey   | Entered a bailey
 10910 | Bailey   | Reached skill level 5 in Evocations
 10947 | Bailey   | Noticed an orc knight
 10961 | Bailey   | Noticed an orc warlord
 10964 | Bailey   | Killed an orc knight
 10965 | Bailey   | Reached skill level 12 in Axes
 11070 | Bailey   | Killed an orc warlord
 11242 | Bailey   | Reached XP level 12. HP: 82/82 MP: 14/17
 11373 | D:10     | Noticed a two-headed ogre
 11380 | D:10     | Killed a two-headed ogre
 11381 | D:10     | Reached skill level 13 in Axes
 11624 | D:10     | Found Cexeydof's Antique Armour Emporium.
 11632 | D:10     | Bought a pair of runed boots for 165 gold pieces
 11767 | D:11     | Reached XP level 13. HP: 70/88 MP: 18/18
 11819 | D:11     | Reached **** piety under Hepliaklqana
 11831 | D:11     | Found a frozen archway.
 11881 | IceCv    | Entered an ice cave
 13349 | IceCv    | Noticed an ice dragon
 13370 | IceCv    | Killed an ice dragon
 13549 | IceCv    | Identified the amulet "Gumexkoh" {Spirit Regen+ Int+3 SInv}
 13551 | IceCv    | Identified the ring of Vini {+Blink Will+ rCorr Str+3}
 13810 | IceCv    | Got the Guide on Frostbite
 13820 | IceCv    | Identified the +1 pair of gloves of Weivouh {Int+4 Dex+2}
 13904 | D:11     | Learned a level 3 spell: Swiftness
 14742 | D:11     | Reached skill level 14 in Axes
 15096 | D:11     | Noticed Fannar
 15119 | D:11     | Killed Fannar
 15732 | D:12     | Reached skill level 15 in Axes
 15779 | D:12     | Found a runed translucent gate.
 15779 | D:12     | Found a runed translucent gate.
 15779 | D:12     | Found a runed translucent gate.
 15780 | D:12     | Noticed an acid blob
 15780 | D:12     | Noticed a quicksilver ooze
 15781 | D:12     | Noticed an acid blob
 15781 | D:12     | Noticed an azure jelly
 15782 | D:12     | Noticed an azure jelly
 15782 | D:12     | Noticed Snaaty's ghost (journeyman GrEE)
 15782 | D:12     | Noticed an acid blob
 15782 | D:12     | Noticed an acid blob
 15783 | D:12     | Noticed an acid blob
 15783 | D:12     | Noticed an azure jelly
 15814 | D:12     | Found a gate leading to a gauntlet.
 15835 | Gauntlet | Entered a Gauntlet
 15835 | Gauntlet | Found a transporter.
 15835 | Gauntlet | Found a transporter.
 15835 | Gauntlet | Found a transporter.
 15839 | Gauntlet | Found a transporter.
 15840 | Gauntlet | Found a transporter.
 15849 | Gauntlet | Found a transporter.
 15916 | Gauntlet | Found a transporter.
 15931 | Gauntlet | Found a transporter.
 15941 | Gauntlet | Found a transporter.
 15955 | Gauntlet | Found a transporter.
 15966 | Gauntlet | Found a transporter.
 15972 | Gauntlet | Found a transporter.
 16159 | Gauntlet | Identified the +2 helmet of Complete Protection {rCorr
                  | Int+3 Dex+3}
 16377 | Gauntlet | Noticed a minotaur
 16391 | Gauntlet | Killed a minotaur
 17071 | D:12     | Identified the +0 falchion "Luloc" {flame, Dex+6}
 17260 | D:12     | Found a viscous altar of Jiyva.
 17367 | D:13     | Reached ***** piety under Hepliaklqana
 17426 | D:13     | Found a sacrificial altar of Ru.
 17505 | D:13     | Reached XP level 14. HP: 61/94 MP: 20/20
 17599 | D:13     | Gained mutation: Your skin changes colour to match your
                  | surroundings (Stealth+). [potion of mutation]
 17599 | D:13     | Gained mutation: You are vulnerable to cold. (rC-) [potion
                  | of mutation]
 17599 | D:13     | Gained mutation: You are robust. (+10% HP) [potion of
                  | mutation]
 17600 | D:13     | Lost mutation: You are vulnerable to cold. (rC-) [potion of
                  | mutation]
 17600 | D:13     | Lost mutation: Your skin changes colour to match your
                  | surroundings (Stealth+). [potion of mutation]
 17600 | D:13     | Gained mutation: You passively map a small area around you.
                  | [potion of mutation]
 17600 | D:13     | Gained mutation: You are weak. (Str -2) [potion of
                  | mutation]
 17600 | D:13     | Gained mutation: Your mind is acute. (Int +4, Str/Dex -1)
                  | [potion of mutation]
 17655 | D:13     | Noticed an ironbound preserver
 17799 | D:13     | Killed an ironbound preserver
 17935 | D:13     | Found Kafeamorgh's Jewellery Emporium.
 17970 | D:13     | Reached skill level 16 in Axes
 19076 | D:13     | Found a gate to the Vaults.
 19465 | D:14     | Found Gaisot's Magic Scroll Shoppe.
 19850 | D:14     | Reached skill level 10 in Armour
 19857 | D:13     | Reached skill level 1 in Long Blades
 20449 | D:14     | Found Jabagig's Jewellery Boutique.
 21404 | D:14     | Found Rymi's Assorted Antiques.
 21527 | Lair:1   | Entered Level 1 of the Lair of Beasts
 22311 | Lair:2   | Reached skill level 17 in Axes
 22443 | Lair:2   | Noticed Urug
 22449 | Lair:2   | Killed Urug
 22627 | Lair:2   | Identified the +1 ring mail of the Game Afoot {rElec rC+}
 22672 | Lair:2   | Reached XP level 15. HP: 107/110 MP: 21/21
 23615 | Lair:2   | Found a staircase to the Snake Pit.
 24108 | D:10     | Bought a steaming crystal plate armour for 1870 gold pieces
 24108 | D:10     | Identified the +0 crystal plate armour of Ruyseit {rPois
                  | Will- Slay+2} (You bought it in a shop on level 10 of the
                  | Dungeon)
 24118 | D:10     | Acquired a N-50 turbogenerator {rElec Slay+3 Clar RMsl}
 24639 | Lair:3   | Reached skill level 18 in Axes
 24825 | Lair:3   | Found a shimmering blue altar of Sif Muna.
 25559 | Lair:3   | Found a staircase to the Shoals.
 26087 | Lair:4   | Reached ****** piety under Hepliaklqana
 26410 | Lair:4   | Found a staircase to the Slime Pits.
 26836 | Lair:5   | Entered Level 5 of the Lair of Beasts
 27348 | D:14     | Bought a runed broad axe for 196 gold pieces
 27641 | Lair:5   | Noticed an azure jelly
 27641 | Lair:5   | Found a viscous altar of Jiyva.
 28406 | Lair:5   | Killed an azure jelly
 28407 | Lair:5   | Reached XP level 16. HP: 120/120 MP: 22/22
 28840 | Lair:5   | Found a large runed translucent door.
 29057 | Lair:5   | Found a large runed translucent door.
 30078 | Orc:1    | Entered Level 1 of the Orcish Mines
 30096 | Orc:1    | Reached skill level 10 in Fighting
 30226 | Orc:1    | Noticed Josephine
 30229 | Orc:1    | Killed Josephine
 30543 | Orc:2    | Entered Level 2 of the Orcish Mines
 30824 | Orc:2    | Found a staircase to the Elven Halls.
 31512 | Orc:2    | Found Veifoir's Distillery.
 31512 | Orc:2    | Found Zucrurae's Assorted Antiques.
 31514 | Orc:2    | Found Jumes's Assorted Antiques.
 31516 | Orc:2    | Found Tant's Magic Scroll Shoppe.
 31528 | Orc:2    | Bought a scroll of blinking for 112 gold pieces
 31528 | Orc:2    | Bought a scroll of blinking for 112 gold pieces
 31528 | Orc:2    | Bought a scroll of teleportation for 45 gold pieces
 31945 | D:14     | Found Xienimah's Antique Weapon Emporium.
 32257 | D:14     | Found Nikhlaep's Jewellery Shoppe.
 32422 | D:15     | Entered Level 15 of the Dungeon
 32989 | D:15     | Found a hide-covered altar of Uskayaw.
 33042 | D:15     | Reached skill level 15 in Armour
 33119 | D:15     | Found a staircase to the Depths.
 33139 | D:15     | Reached skill level 10 in Evocations
 33952 | Snake:1  | Entered Level 1 of the Snake Pit
 33971 | Snake:1  | Found a shimmering blue altar of Sif Muna.
 34060 | Snake:1  | Reached XP level 17. HP: 89/128 MP: 23/23
 34066 | Snake:1  | Reached skill level 1 in Air Magic
 35940 | Snake:3  | Found Faasku's Armour Shoppe.
 35950 | Snake:3  | Bought a +0 cloak of willpower for 161 gold pieces
 36183 | Snake:3  | Found Irutur's Magic Scroll Shop.
 36183 | Snake:3  | Found Zyvi's Weapon Boutique.
 36383 | Snake:4  | Entered Level 4 of the Snake Pit
 36499 | Snake:4  | Found a runed translucent gate.
 36500 | Snake:4  | Found a runed translucent gate.
 36500 | Snake:4  | Found a runed translucent gate.
 36500 | Snake:4  | Noticed Ge0ff's ghost (adept TrAl)
 36500 | Snake:4  | Noticed Kiejah's ghost (adept DsNe)
 36500 | Snake:4  | Noticed MirrMurr's ghost (adept CoBe)
 37721 | Snake:4  | Identified the serpent talisman of Dawochuc {rF+ rN+ Int-3}
 37721 | Snake:4  | Noticed Aizul
 38010 | Snake:4  | Killed Aizul
 38265 | Snake:4  | Found a glowing golden altar of the Shining One.
 38530 | Snake:4  | Reached XP level 18. HP: 80/134 MP: 24/24
 40408 | Snake:4  | Got a serpentine rune of Zot
 40689 | Shoals:1 | Entered Level 1 of the Shoals
 40963 | Shoals:1 | Found Paajeq's General Store.
 41632 | Shoals:2 | Noticed Frances
 41660 | Shoals:1 | HP: 6/134 [poisoned by a sea snake]
 41972 | Shoals:2 | Killed Frances
 42173 | Shoals:2 | Noticed Ilsuiw
 42927 | Shoals:3 | Found a runed translucent gate.
 42927 | Shoals:3 | Found a runed translucent gate.
 42927 | Shoals:3 | Found a runed translucent gate.
 42931 | Shoals:3 | Noticed prygans's ghost (adept MiFi)
 42931 | Shoals:3 | Noticed happinesssam's ghost (adept BaWn)
 42977 | Shoals:2 | Learned a level 1 spell: Apportation
 43012 | Shoals:2 | Found a runed translucent door.
 43448 | Shoals:4 | Entered Level 4 of the Shoals
 44093 | Shoals:4 | Noticed Donald
 44120 | Shoals:4 | Killed Donald
 44413 | Shoals:4 | Reached XP level 19. HP: 127/140 MP: 25/25
 44802 | Shoals:4 | Reached skill level 5 in Air Magic
 44928 | Shoals:4 | Found Ylafewn's Weapon Boutique.
 45403 | Shoals:4 | Got a barnacled rune of Zot
 45666 | Shoals:2 | Killed Ilsuiw
 45674 | Shoals:2 | Identified the +6 hand axe of Spite {antimagic, Int+4}
 46551 | Vaults:1 | Entered Level 1 of the Vaults
 47238 | Vaults:1 | Identified the +4 plate armour "Kuacug" {Dex+2}
 48097 | Vaults:1 | Noticed Nikola
 48106 | Vaults:1 | Killed Nikola
 48701 | Vaults:2 | Reached XP level 20. HP: 153/153 MP: 26/26
 48727 | Vaults:2 | Found a portal to a secret trove of treasure.
 50285 | Vaults:3 | Found a staircase to the Crypt.
 50461 | Vaults:3 | Found a crumbling gateway.
 50479 | Desolati | Entered the Desolation of Salt
 50701 | Desolati | Identified the ring "Lyll" {rPois rCorr Int+6}
 50702 | Desolati | Identified the ring of Daurrah {Str+2 Int+6}
 50764 | Desolati | Identified the +4 sling "Ute Kae" {freeze, rF+ Will- rCorr}
 50898 | Desolati | Identified the +5 battleaxe of Gozag's Castigation {speed,
                  | rElec Will+ Dex+2}
 50972 | Desolati | Identified the +0 pair of boots of Paoc {*Corrode Str+5}
 50989 | Desolati | Got the Collected Works on Anemomancy and Illusion
 50991 | Desolati | Identified the ring "Uqoohaaw" {rElec rPois Str+4}
 51597 | Vaults:3 | Reached skill level 15 in Evocations
 51600 | Vaults:3 | Reached skill level 5 in Dodging
 52219 | Vaults:3 | Found a huge runed translucent gate.
 52219 | Vaults:3 | Found a huge runed translucent gate.
 52219 | Vaults:3 | Found a huge runed translucent gate.
 52219 | Vaults:3 | Found a huge runed translucent gate.
 52219 | Vaults:3 | Found a huge runed translucent gate.
 52220 | Vaults:3 | Found a huge runed translucent gate.
 52220 | Vaults:3 | Found a huge runed translucent gate.
 52220 | Vaults:3 | Found a huge runed translucent gate.
 52221 | Vaults:3 | Found a huge runed translucent gate.
 52221 | Vaults:3 | Found a huge runed translucent gate.
 52221 | Vaults:3 | Found a huge runed translucent gate.
 52221 | Vaults:3 | Found a huge runed translucent gate.
 52221 | Vaults:3 | Found a huge runed translucent gate.
 52222 | Vaults:3 | Found a huge runed translucent gate.
 52224 | Vaults:3 | Found a huge runed translucent gate.
 52224 | Vaults:3 | Found a huge runed translucent gate.
 52228 | Vaults:3 | Found a huge runed translucent gate.
 52229 | Vaults:3 | Found a huge runed translucent gate.
 52230 | Vaults:3 | Found a huge runed translucent gate.
 52230 | Vaults:3 | Found a huge runed translucent gate.
 52230 | Vaults:3 | Found a huge runed translucent gate.
 52232 | Vaults:3 | Found a huge runed translucent gate.
 52233 | Vaults:3 | Found a huge runed translucent gate.
 52234 | Vaults:3 | Found a huge runed translucent gate.
 52234 | Vaults:3 | Found a huge runed translucent gate.
 52291 | Vaults:3 | Found a huge runed translucent gate.
 52291 | Vaults:3 | Found a huge runed translucent gate.
 52291 | Vaults:3 | Found a huge runed translucent gate.
 52291 | Vaults:3 | Found a huge runed translucent gate.
 52292 | Vaults:3 | Found Axzomir's Book Boutique.
 52292 | Vaults:3 | Found a huge runed translucent gate.
 52292 | Vaults:3 | Found a huge runed translucent gate.
 52292 | Vaults:3 | Found a huge runed translucent gate.
 52293 | Vaults:3 | Found a huge runed translucent gate.
 52293 | Vaults:3 | Found a huge runed translucent gate.
 52299 | Vaults:3 | Found a huge runed translucent gate.
 52301 | Vaults:3 | Found a huge runed translucent gate.
 52730 | Vaults:3 | Identified the +9 great mace of Wounding {distort, ^Contam
                  | rPois Int+2}
 52771 | Vaults:4 | Reached XP level 21. HP: 165/165 MP: 27/27
 52785 | Vaults:4 | Found a transporter.
 52789 | Vaults:4 | Found Qowef's Magic Scroll Emporium.
 52815 | Vaults:4 | Learned a level 2 spell: Blink
 52904 | Vaults:4 | Reached skill level 1 in Translocations
 52987 | Vaults:4 | Found a transporter.
 54004 | Vaults:4 | Reached skill level 5 in Translocations
 54354 | Vaults:5 | Entered Level 5 of the Vaults
 54693 | Elf:1    | Entered Level 1 of the Elven Halls
 55006 | Vaults:3 | Bought a book of Lightning for 540 gold pieces
 55011 | Vaults:3 | Learned a level 4 spell: Vhi's Electric Charge
 55759 | Elf:1    | Identified the blade talisman of the Orb {rC+ Will- Int+3
                  | Dex+4}
 57461 | Elf:2    | Found a flickering gateway to a bazaar.
 57485 | Bazaar   | Entered a bazaar
 57591 | Bazaar   | Found Tuniupofas's Distillery.
 57609 | Bazaar   | Found Suor's Assorted Antiques.
 57613 | Bazaar   | Found Bygy's Book Boutique.
 57619 | Bazaar   | Found Laqennit's General Store.
 57671 | Bazaar   | Bought a potion of heal wounds for 90 gold pieces
 57671 | Bazaar   | Bought a potion of heal wounds for 90 gold pieces
 57671 | Bazaar   | Bought a potion of curing for 54 gold pieces
 57671 | Bazaar   | Bought a potion of curing for 54 gold pieces
 57671 | Bazaar   | Bought a potion of curing for 54 gold pieces
 57671 | Bazaar   | Bought a potion of cancellation for 144 gold pieces
 58253 | Elf:2    | Reached XP level 22. HP: 172/172 MP: 28/28
 58266 | Elf:2    | Found a shimmering blue altar of Sif Muna.
 58442 | Elf:2    | Found a runed translucent gate.
 58442 | Elf:2    | Found a runed translucent gate.
 58443 | Elf:2    | Found a runed translucent gate.
 58468 | Elf:2    | Reached skill level 10 in Air Magic
 59610 | Elf:3    | Entered Level 3 of the Elven Halls
 60123 | Elf:3    | Reached skill level 10 in Translocations
 60946 | Elf:3    | Identified the +8 scimitar of Doom {drain, rF+ MP+9 Int+3}
 61011 | Elf:3    | Identified the ring "Asiad" {Will+ rCorr AC+4 Int+4 Dex-3}
 61163 | Elf:3    | Found the +6 arbalest "Damnation" {damnation}
 61173 | Elf:3    | Got the Folio of Firn
 61175 | Elf:3    | Got Bos Wior's Reference Book on the Breezy Faeries
 61192 | Elf:3    | Learned a level 3 spell: Mephitic Cloud
 61194 | Elf:3    | Got Sif Muna's Cyclopedia of the Supportive Panacea
 61202 | Elf:3    | Identified the +1 morningstar of Qegumim {freeze, rElec
                  | rPois rCorr Int+3}
 61214 | Elf:3    | Identified the staff "Dohoser" {rElec Necro Fire Air
                  | Alchemy}
 61447 | Elf:3    | Got Ciragg's Magical Power and You
 61786 | Slime:1  | Entered Level 1 of the Pits of Slime
 63017 | Slime:5  | Entered Level 5 of the Pits of Slime
 63248 | Slime:5  | Found a viscous altar of Jiyva.
 63342 | Slime:5  | Reached XP level 23. HP: 126/178 MP: 29/29
 63344 | Slime:5  | Noticed the Royal Jelly
 63372 | Slime:5  | Killed the Royal Jelly
 63642 | Slime:5  | Identified the +6 chain mail of Failure {rC- rCorr Dex+4}
 63673 | Slime:5  | Identified the +1 helmet of Disguise {^Contam Harm rPois
                  | Str+5}
 63690 | Slime:5  | Found the +16 obsidian axe {drain, demonic, Mesm ^Drain Fly
                  | SInv}
 63774 | Slime:5  | Got a slimy rune of Zot
 63775 | Slime:5  | Identified the +5 flail "Wour" {freeze, rF+ Dex+2}
 63788 | Slime:5  | Identified the +0 robe of Summertime {Int+2 Dex+3}
 63792 | Slime:5  | Identified the amulet "Miwkasae" {Acrobat rElec Regen+
                  | Int-5}
 63817 | Slime:5  | Identified the +0 storm dragon scales "Goad" {rElec rF-
                  | Str+2 Int+3}
 63834 | Slime:5  | Identified the +1 scale mail of Wadikh {-Tele Int+5 Dex+3}
 63859 | Slime:5  | Paralysed by a formless jellyfish for 1 turns
 64645 | Vaults:2 | You showed the slimy rune of Zot to enter a treasure trove
 64646 | Trove    | Entered a treasure trove
 64648 | Trove    | Found the +0 cloak of the Thief {Quiet Slay-3 SInv Stlth+}
 64650 | Trove    | Identified the +1 hat "Tedwacrid" {-Cast rElec Dex+7
                  | Stlth+}
 64651 | Trove    | Identified the +0 pair of boots "Ycluz" {+Blink Regen+
                  | Slay-5}
 64652 | Trove    | Identified the scarf "Ovulaqut" {harm, rElec Dex-5 SInv}
 64655 | Trove    | Identified the +8 chain mail of Xooluan {*Corrode rC+ rN+
                  | Slay+2}
 64656 | Trove    | Identified the +4 plate armour "Mutuin" {rElec Str+3 Dex+4
                  | SInv}
 64670 | Trove    | Identified the +2 hat "Royr" {rCorr Int+3}
 64672 | Trove    | Identified the +1 pair of boots "Ushrel" {rCorr}
 64673 | Trove    | Identified the orb of Good Intentions {light, rF+ Str+7
                  | Slay-4}
 64674 | Trove    | Identified the +3 leather armour of Sloth {+Inv rElec
                  | Regen+ Dex-2}
 64675 | Trove    | Identified the +2 buckler "Ipurarum" {rPois rN+}
 64677 | Trove    | Identified the -1 hat of Xoonkut {+Blink rC+ rCorr}
 64842 | Depths:1 | Entered Level 1 of the Depths
 64859 | Depths:1 | Found a gateway to Hell.
 64930 | Depths:1 | Noticed the Enchantress
 64947 | Depths:1 | Reached skill level 1 in Alchemy
 65277 | Depths:1 | Killed the Enchantress
 65278 | Depths:1 | Reached skill level 1 in Conjurations
 65614 | Depths:1 | Found a one-way gate to the infinite horrors of the Abyss.
 66099 | Depths:1 | Found a shadowy altar of Dithmenos.
 66277 | Depths:1 | Found a stormy altar of Qazlal.
 66368 | Depths:2 | Got the Monograph on Malediction
 66453 | Depths:2 | Reached skill level 15 in Fighting
 67578 | Depths:2 | Found a one-way gate leading to the halls of Pandemonium.
 67757 | Depths:2 | Found Sado's Magic Scroll Emporium.
 67765 | Depths:2 | Bought a scroll of blinking for 142 gold pieces
 67765 | Depths:2 | Bought a scroll of enchant weapon for 142 gold pieces
 67766 | Depths:2 | Bought a scroll of teleportation for 57 gold pieces
 67888 | Depths:3 | Found a shimmering altar of Xom.
 68067 | Depths:3 | Found a radiant altar of Vehumet.
 68115 | Depths:3 | Reached XP level 24. HP: 190/190 MP: 30/30
 68143 | Depths:3 | Reached skill level 10 in Dodging
 68143 | Depths:3 | Noticed a juggernaut
 68156 | Depths:3 | Killed a juggernaut
 68157 | Depths:3 | Reached skill level 5 in Alchemy
 68381 | Depths:3 | Found a runed translucent door.
 68683 | Depths:3 | Found a runed translucent door.
 68798 | Depths:3 | Reached skill level 10 in Invocations
 69380 | Depths:4 | Entered Level 4 of the Depths
 69408 | Depths:4 | Noticed Margery
 69418 | Depths:4 | Killed Margery
 69880 | Depths:4 | Found a gate to the Realm of Zot.
 69895 | Depths:4 | Reached skill level 5 in Conjurations
 70002 | Depths:4 | Found a one-way gateway to a ziggurat.
 70532 | Vaults:3 | Bought a book of Battle for 480 gold pieces
 70536 | Vaults:3 | Learned a level 3 spell: Fugue of the Fallen
 70932 | Depths:4 | Reached skill level 1 in Necromancy
 71580 | Crypt:1  | Entered Level 1 of the Crypt
 71716 | Crypt:1  | Found a magical portal.
 71735 | WizLab   | Entered Borgnjor's Mausoleum
 72083 | WizLab   | Reached skill level 5 in Necromancy
 72103 | WizLab   | HP: 3/193 [halazid warlock/bolt of cold (66)]
 72863 | WizLab   | Got Seluev's Precepts of Gloom
 72953 | Crypt:1  | Noticed Grunn
 72989 | Crypt:1  | Killed Grunn
 73245 | Crypt:1  | Reached skill level 1 in Hexes
 73286 | Crypt:1  | Reached XP level 25. HP: 180/200 MP: 29/30
 73426 | Crypt:1  | Reached skill level 1 in Ranged Weapons
 73426 | Crypt:1  | Reached skill level 1 in Summonings
 73888 | Crypt:2  | Identified the +2 robe of Heresy {Harm rElec Regen+}
 73888 | Crypt:2  | Noticed Boris
 73898 | Crypt:2  | Killed Boris
 73911 | Crypt:2  | Noticed Xtahua
 73916 | Crypt:2  | Killed Xtahua
 74854 | Crypt:3  | Entered Level 3 of the Crypt
 75887 | Crypt:2  | Found a basalt altar of Yredelemnul.
 77002 | Crypt:3  | Identified the +11 war axe of Pyats {freeze, +Blink Stlth+}
 78002 | Crypt:3  | Found a staircase to the Tomb.
 78182 | Crypt:3  | Noticed an ancient lich
 78182 | Crypt:3  | Noticed a dread lich
 78205 | Crypt:3  | Killed a dread lich
 78209 | Crypt:3  | Killed an ancient lich
 78223 | Crypt:3  | Noticed a dread lich
 78286 | Crypt:3  | Killed a dread lich
 78634 | Crypt:3  | Identified the +2 hat of Nicoxaodd {Fly Dex+5}
 78637 | Crypt:3  | Identified the ring "Weumoso" {rF++ rCorr}
 78638 | Crypt:3  | Identified the ring "Gegog" {Fire rPois rN++ Int-3 Dex+3}
 78639 | Crypt:3  | Identified the ring of Cynicism {rPois rN++ MP+9}
 78640 | Crypt:3  | Identified the ring "Aroely" {rN++ MP+9 Int+4}
 78642 | Crypt:3  | Identified the staff "Jasomok" {Str+4 Dex+3 Conj}
 78643 | Crypt:3  | Identified the death talisman of Jues {Dex+4}
 78897 | Vaults:5 | Reached XP level 26. HP: 218/218 MP: 25/30
 78932 | Vaults:5 | Noticed a dread lich
 78938 | Vaults:5 | Killed a dread lich
 78983 | Vaults:5 | Noticed an ancient lich
 78986 | Vaults:5 | Killed an ancient lich
 79331 | Vaults:5 | Identified the +7 plate armour "Fuozxed" {*Corrode rElec
                  | rPois Dex+7}
 79476 | Vaults:5 | Identified the +11 short sword of Sharkskin {drain, rC+}
 79476 | Vaults:5 | Identified the +7 sling of Cerereried {drain, Will+}
 79510 | Vaults:5 | Noticed an ancient lich
 79511 | Vaults:5 | Reached skill level 19 in Axes
 79522 | Vaults:5 | Killed an ancient lich
 79653 | Vaults:5 | Identified the +6 scimitar "Xosic" {heavy, rElec}
 79653 | Vaults:5 | Identified the +2 robe of Duotif {Rampage Will+ Dex-5
                  | Archmagi}
 79793 | Vaults:5 | Identified the +5 chain mail "Foluun" {rF+ Int+2}
 79849 | Vaults:5 | Noticed an ancient lich
 79853 | Vaults:5 | Killed an ancient lich
 80078 | Vaults:5 | Got a silver rune of Zot
 80125 | Vaults:5 | Identified the +5 longbow of Emugith {drain, rC++}
 80249 | Vaults:5 | Identified the +3 scale mail of a wizard's laboratory {Harm
                  | Will+}
 80306 | Vaults:5 | Got Sif Muna's Catalogue of the Conjured Blizzard
 81707 | Zig:1    | Entered Level 1 of a ziggurat
 81747 | Zig:2    | Entered Level 2 of a ziggurat
 81810 | Zig:3    | Entered Level 3 of a ziggurat
 81892 | Zig:3    | Identified the +1 hat of the Endless Expanse {Rampage rElec
                  | rCorr Str+3}
 81900 | Zig:4    | Entered Level 4 of a ziggurat
 81917 | Zig:4    | Reached XP level 27. HP: 149/230 MP: 2/30
 82098 | Zig:5    | Entered Level 5 of a ziggurat
 82106 | Zig:5    | Reached skill level 20 in Axes
 82122 | Zig:5    | Identified the +0 morningstar "Qoczubru" {freeze, rElec}
 82134 | Zig:6    | Entered Level 6 of a ziggurat
 82289 | Zig:6    | Identified the staff of Hell's Wrath {Dex+2 Conj Tloc}
 82300 | Zig:7    | Entered Level 7 of a ziggurat
 82444 | Zig:7    | Identified the staff "Oxotwa" {rPois rF+ Will- Stlth+ Fire
                  | Air}
 82457 | Zig:7    | Identified the +10 orcbow of True Grit {heavy, rF+ Dex+4}
 82473 | Zig:8    | Entered Level 8 of a ziggurat
 82502 | Zig:8    | Identified the amulet "Tarageid" {Spirit Int+3}
 82597 | Zig:8    | Identified the +0 ring mail of Elyvilon's Displeasure {rC-
                  | rN+ rCorr}
 82607 | Zig:8    | Identified the +11 falchion "Wideghas" {heavy, rPois Str+5
                  | Int-2}
 82638 | Zig:9    | Entered Level 9 of a ziggurat
 82653 | Zig:9    | Reached skill level 21 in Axes
 82732 | Zig:9    | Reached skill level 22 in Axes
 82743 | Zig:9    | Identified the +5 shortbow "Losiashe" {drain, rF+}
 82747 | Zig:10   | Entered Level 10 of a ziggurat
 82767 | Zig:10   | Slain by a quicksilver dragon simulacrum

Illustrated notes

Levels and vault maps discovered:
D:1:      spicycebolla_arrival_clurvy, layout_basic,
          chequers_ecumenical_altar_grove, minmay_misc_feat_diagonals
D:2:      layout_basic, uniq_sigmund
D:3:      layout_basic, marbit_many_paths
D:4:      layout_basic, temple_statues, grunt_ministairs_8,
          minmay_misc_feat_rugged, minivault_11,
          nicolae_shop_distant_corner_stores, uniq_eustachio, uniq_edmund
D:5:      layout_rooms, grunt_temple_overflow_open, cheibrodos_gnoll_hut
D:6:      layout_loops_ring, serial_shops, shop_statue,
          ebering_ghost_disaster_area, uniq_pikel
D:7:      layout_rooms, nicolae_ossuary_entry_ruins
D:8:      nicolae_cairo_tiling_large_dashed, layout_loops_ring, uniq_erica
D:9:      kennysheep_housing_project, layout_loops_ring, kennysheep_mini,
          mainiacjoe_overflow_24_doors, mainiacjoe_overflow_small_starburst,
          hiddenorc2_lemuel, special_room [special_room_orc],
          ebering_dispersal_statue_hall, minmay_quadrilaterals
D:10:     layout_rooms, david_lair_generic, enter_bailey_4, serial_shops,
          nicolae_shop_hallway_stairs
D:11:     nicolae_hexawheel, layout_basic, portal_ice_cave_entry_ice_simulacra,
          nicolae_fountain_basement, uniq_fannar
D:12:     layout_irregular_city, gauntlet_entry_generic, gammafunk_ghost_ooze
D:13:     layout_loops_corners, skrybe_vaults_entry_preservation, serial_shops,
          nicolae_shop_stone, nicolae_ru_the_path_less_chosen
D:14:     layout_loops_cross, serial_shops, shop, nicolae_shop_gaudy_bauble,
          shop, nicolae_shop_trees, nicolae_shop_tiny_statue_garden
D:15:     hangedman_depths_entry_civil_slaughter, layout_stronghold,
          nicolae_uskayaw_murder_on_the_dancefloor
Temple:   eino_temple_rhombus
Lair:1:   layout_chaotic_city, grunt_megastairs_1
Lair:2:   regret_index_malice_mire, layout_layer_cave,
          nicolae_snake_entry_squirm, uniq_urug
Lair:3:   layout_cave_pods, minmay_shoals_entry_lonely_mermaid, basic_altar,
          nicolae_quartered_pool_little, nicolae_lair_lil_pond, st_stairs_10,
          kennysheep_rathole
Lair:4:   layout_regular_city, slime_entry_1
Lair:5:   cheibrodos_lair_end_hotspot, layout_long_grid, special_room
          [special_room_jelly], hangedman_lair_unloving_vines
Shoals:1: nicolae_shoals_aurelia_aurita, layout_shoals, serial_shops, shop,
          nicolae_tricolors
Shoals:2: layout_shoals, lightli_airlock, uniq_frances, uniq_ilsuiw
Shoals:3: layout_shoals, gammafunk_ghost_cemetery
Shoals:4: shoals_end_grunt_ice, layout_shoals, serial_shops, shop,
          nzn_prometheus_bound, uniq_donald
Snake:1:  hangedman_cross_stitches, layout_rooms, basic_altar, lemuel_fruit_tree
Snake:2:  layout_concentric_octagons, drop_trap, serial_bayou_shore_a
Snake:3:  layout_rooms, serial_shops, nicolae_shop_mannequins,
          nicolae_diamond_shop, nicolae_shop_tiny_statue_garden,
          serial_corexii_hall, corexii_hall_statues_u, corexii_hall_statues_t,
          chequers_hall_statues_y, chequers_hall_statues_corner_a
Snake:4:  snake_pit_salamanders_mu, layout_basic, gammafunk_ghost_cemetery,
          basic_altar, nicolae_snake_serpentine_hallways, uniq_aizul
Slime:1:  layout_caves
Slime:2:  layout_caves
Slime:3:  layout_caves
Slime:4:  layout_caves
Slime:5:  slime_pit_nicolae_amoeboid
Orc:1:    layout_caves, uniq_josephine
Orc:2:    st_orc_rangers, layout_diamond_mine, mines5_lemuel
Elf:1:    eino_elf_arrival_customs, layout_onion_city, guppyfry_library_mini,
          lemuel_flamethrower_hall
Elf:2:    elven_hall_of_blades_hangedman_original
          [nicolae_blade_entry_sentries_behind_glass], layout_geoelf_octagon,
          serial_shops, bzr_entry_islet, basic_altar
Elf:3:    elf_hall_gauntlet_narrow, layout_loops_corners
Vaults:1: nicolae_vaults_double_plus_3, v_alt_pattern_6,
          nicolae_vaults_little_guard_posts, nicolae_vaults_what_the_h,
          nicolae_vaults_layer_cake_slice, vaults_dpeg_doors,
          nicolae_vaults_mini_display_case, nicolae_vaults_surprise_closet,
          vaults_room_corners, layout_vaults_chaotic_city, serial_shops,
          bzr_firewalk, uniq_nikola
Vaults:2: grunt_vaults_bifocal, nicolae_vaults_network_star,
          vaults_room_hallway, nicolae_vaults_sightless_eye,
          ontoclasm_vaults_twist, nicolae_vaults_wrenched, v_misc_27,
          nicolae_vaults_double_plus_3, vaults_room_fours,
          layout_vaults_quadrants, nicolae_trove_entry_isolated
Vaults:3: portal_desolation_entry_garden, vaults_standard_mumra_x, v_misc_2,
          minmay_crypt_entry_simple_corners,
          nicolae_vaults_trapezoid_lopsided_2, nicolae_vaults_back_hallway,
          ontoclasm_vaults_fault, nicolae_vaults_network_barrier,
          nicolae_vaults_circle_grid_b, door_vault,
          nicolae_vaults_trapezoid_lopsided_4, vaults_room_stairs_pillars,
          layout_vaults_omnibox, serial_shops, nicolae_shop_window_shopping
Vaults:4: nicolae_vaults_stairing_the_circle, hangedman_vaults_stream,
          vaults_room_door_ring, v_misc_13, nicolae_vaults_trapezoid_lopsided_3,
          nicolae_vaults_circle_grid_b, layout_vaults_omnicross, serial_shops,
          nicolae_shop_drivethru
Vaults:5
Crypt:1:  layout_gridlike, infiniplex_enter_wizlab_glasses, uniq_grunn
Crypt:2:  layout_basic, nicolae_crypt_stairsoleum, lemuel_upstairs_altar,
          roderic_lattice_octagonal_star, uniq_xtahua, uniq_boris
Crypt:3:  david_glass_crypt, layout_misc_corridors, tomb_entry_sphere_bobbens,
          nicolae_crypt_knee_deep_in_the_dead
Depths:1: nicolae_hitomezashi [nicolae_hito_row, nicolae_hito_row,
          nicolae_hito_row, nicolae_hito_row, nicolae_hito_row,
          nicolae_hito_row, nicolae_hito_row, nicolae_hito_row,
          nicolae_hito_row, nicolae_hito_row, nicolae_hito_row,
          nicolae_hito_row, nicolae_hito_row, nicolae_hito_row,
          nicolae_hito_row, nicolae_hito_row, nicolae_hito_row,
          nicolae_hito_row], layout_long_grid,
          regret_index_abyss_entry_already_here,
          grunt_dithmenos_smoke_and_mirrors, pf_coc_iceberg,
          grunt_decor_junction, nicolae_qazlal_style_of_elements,
          uniq_enchantress
Depths:2: minmay_inner_zag, layout_small_grid, rand_demon_pan_entry_5,
          hell_entry, serial_shops, shop
Depths:3: minmay_the_grid_triangle_9x9_recursive_3_mashed
          [minmay_the_grid_triangle_9x9_minimal,
          minmay_the_grid_triangle_9x9_odd_lines,
          minmay_the_grid_triangle_9x9_dagger,
          minmay_the_grid_triangle_9x9_prize_top_heavy,
          minmay_the_grid_triangle_9x9_from_above,
          minmay_the_grid_triangle_9x9_tough_junction,
          minmay_the_grid_triangle_9x9_wacky_v,
          minmay_the_grid_triangle_9x9_negative_grid,
          minmay_the_grid_triangle_9x9_thin_v], layout_honeycomb,
          xom_redecorated, abyss_entry, hell_entry, vehumet_crystals
Depths:4: grunt_zot_entry_funnels, layout_basic, enter_ziggurat_e,
          minmay_misc_feat_pillars, pan_entry, hell_entry, uniq_margery
Zig:10

Skill      XL: |  1  2  3  4  5  6  7  8  9 10 11 12 13 14 15 16 17 18 19 20 21 22 23 24 25 26 27 |
---------------+----------------------------------------------------------------------------------+-----
Throwing       | 2 3 4 5 6 8 |  8.1
Axes           | 4 5 6 8 9 11 12 13 15 17 18 19 22 | 22.2
Armour         | 1 2 4 5 6 8 9 11 13 15 17 20 21 | 21.0
Fighting       | 3 4 6 7 8 9 10 12 14 15 17 20 21 | 21.9
Invocations    | 2 3 6 7 8 9 10 | 10.0
Evocations     | 2 5 6 7 10 11 12 14 15 16 17 | 17.7
Long Blades    | 1 |  1.8
Air Magic      | 3 4 6 8 9 12 13 | 13.0
Dodging        | 3 6 9 11 12 | 12.1
Translocations | 8 12 | 12.0
Alchemy        | 4 6 |  6.0
Conjurations   | 3 5 |  5.0
Necromancy     | 7 8 |  8.0
Hexes          | 1 |  1.3
Ranged Weapons | 1 |  1.3
Summonings     | 1 |  1.2
Short Blades   | |  0.6
Maces & Flails | |  0.9
Polearms       | |  0.9
Staves         | |  0.8
Stealth        | |  0.5
Shields        | |  0.8
Unarmed Combat | |  0.9
Spellcasting   | |  0.1
Fire Magic     | |  0.8
Ice Magic      | |  0.4
Earth Magic    | |  0.9
Shapeshifting  | |  0.7

Action                     |  1- 3 |  4- 6 |  7- 9 | 10-12 | 13-15 | 16-18 | 19-21 | 22-24 | 25-27 || total
---------------------------+-------+-------+-------+-------+-------+-------+-------+-------+-------++-------
  Melee: War axe           |    86 |    67 |   184 |   255 |   145 |       |       |   676 |   431 ||  1844
         Dagger            |    34 |       |       |       |       |       |       |       |       ||    34
         Whip              |    13 |       |       |       |       |       |       |       |       ||    13
         Hand axe          |    35 |    60 |       |       |       |       |       |       |       ||    95
         Flail             |       |     8 |   192 |   323 |    28 |       |       |       |       ||   551
         Broad axe         |       |       |       |    85 |   875 |  1332 |  1522 |   810 |   464 ||  5088
         Scimitar          |       |       |       |       |    14 |       |       |       |       ||    14
  Throw: Dart              |       |    21 |    41 |    90 |   188 |    38 |       |     4 |       ||   382
         Boomerang         |       |     4 |    23 |     9 |   139 |   178 |    77 |    63 |    52 ||   545
         Throwing net      |       |     3 |       |       |       |       |       |       |       ||     3
         Javelin           |       |       |       |       |     4 |    12 |     6 |    35 |       ||    57
   Cast: Apportation       |       |       |       |       |       |     2 |     1 |       |    11 ||    14
         Blink             |       |       |       |       |       |       |     1 |     1 |       ||     2
         Vhi's Electric Ch |       |       |       |       |       |       |       |     3 |    26 ||    29
         Fugue of the Fall |       |       |       |       |       |       |       |       |    40 ||    40
         Mephitic Cloud    |       |       |       |       |       |       |       |       |     2 ||     2
 Invoke: Recall Ancestor   |       |       |     5 |     5 |    14 |    14 |     6 |     3 |     2 ||    49
         Ancestor Life: He |       |       |     1 |       |       |       |       |       |       ||     1
         Idealise          |       |       |       |       |     1 |     2 |     5 |     6 |     5 ||    19
         Transference      |       |       |       |       |       |       |     2 |       |       ||     2
Ability: Invent Gizmo      |       |       |       |       |     1 |       |       |       |       ||     1
  Evoke: Wand              |       |       |       |     3 |    11 |    30 |     5 |    10 |     3 ||    62
         Sack of spiders   |       |       |       |       |     3 |     2 |     4 |     1 |       ||    10
         Gell's gravitambo |       |       |       |       |       |     2 |     3 |     3 |     3 ||    11
         Condenser vane    |       |       |       |       |       |       |     2 |     3 |     3 ||     8
         Lightning rod     |       |       |       |       |       |       |       |       |     4 ||     4
    Use: Scroll            |       |       |    10 |     9 |    18 |    10 |     9 |    13 |     3 ||    72
         Potion            |       |       |       |     6 |    10 |     2 |     2 |    10 |     8 ||    38
   Stab: Sleeping          |     1 |       |       |       |       |       |       |       |       ||     1
         Held in net/web   |       |     1 |       |       |       |       |       |       |       ||     1
         Confused          |       |       |     4 |    11 |    34 |    24 |    73 |    96 |    62 ||   304
         Distracted        |       |       |       |     3 |    15 |    19 |    17 |    23 |     6 ||    83
         Invisible         |       |       |       |       |     4 |       |       |       |       ||     4
         Paralysed         |       |       |       |       |    19 |    74 |   101 |    53 |    39 ||   286
 Armour: Leather armour    |    25 |       |       |       |       |       |       |       |       ||    25
         Ring mail         |    41 |    46 |    36 |       |       |       |       |       |       ||   123
         Chain mail        |       |       |   122 |    42 |       |       |       |       |       ||   164
         Plate armour      |       |       |       |   295 |   497 |       |   565 |   609 |   196 ||  2162
         Crystal plate arm |       |       |       |       |   228 |   870 |   147 |       |       ||  1245
         Acid dragon scale |       |       |       |       |       |       |       |    87 |   182 ||   269
  Dodge: Dodged            |    44 |    40 |   117 |    80 |   144 |   131 |   287 |   331 |   210 ||  1384
         Repelled          |       |       |       |       |     2 |    93 |    66 |    54 |    37 ||   252

Table legend: (Time is in decaauts)
 A = Elapsed time spent in this place.
 B = Non-inter-level travel time spent in this place.
 C = Inter-level travel time spent in this place.
 D = Time resting spent in this place.
 E = Time spent auto-exploring this place.
 F = Levels seen in this place.
 G = Mean time per level.
                   A        B        C        D        E       F      G
               +--------+--------+--------+--------+--------+-----+--------+
         Total |  82647 |  75435 |   7212 |  17697 |  41588 |  69 | 1197.8 |
       Dungeon |  22011 |  19357 |   2654 |   4355 |  10685 |  15 | 1467.4 |
        Temple |     32 |      2 |     30 |      0 |      0 |   1 |   32.0 |
          Lair |   8097 |   7417 |    680 |   1001 |   5105 |   5 | 1619.4 |
        Shoals |   6124 |   5842 |    282 |   1990 |   2366 |   4 | 1531.0 |
     Snake Pit |   6682 |   6371 |    311 |   1424 |   3718 |   4 | 1670.5 |
    Slime Pits |   2628 |   2485 |    143 |    347 |   1603 |   5 |  525.6 |
  Orcish Mines |   1649 |   1489 |    160 |    221 |    887 |   2 |  824.5 |
   Elven Halls |   5647 |   5093 |    554 |   1246 |   2723 |   3 | 1882.3 |
        Vaults |  10905 |   9131 |   1774 |    661 |   6799 |   5 | 2181.0 |
         Crypt |   5915 |   5778 |    137 |   2202 |   2725 |   3 | 1971.7 |
        Depths |   5780 |   5295 |    485 |   1051 |   3463 |   4 | 1445.0 |
      Ziggurat |   1041 |   1041 |      0 |    283 |    482 |  10 |  104.1 |
        Bazaar |    221 |    221 |      0 |      0 |    146 |   1 |  221.0 |
         Trove |     44 |     44 |      0 |      0 |      3 |   1 |   44.0 |
       Ossuary |    267 |    267 |      0 |     60 |     97 |   1 |  267.0 |
        Bailey |   1050 |   1050 |      0 |    408 |     77 |   1 | 1050.0 |
      Ice Cave |   2012 |   2012 |      0 |   1358 |    106 |   1 | 2012.0 |
        Wizlab |   1187 |   1187 |      0 |    666 |    272 |   1 | 1187.0 |
    Desolation |    715 |    715 |      0 |    111 |    169 |   1 |  715.0 |
      Gauntlet |    629 |    629 |      0 |    310 |    159 |   1 |  629.0 |
               +--------+--------+--------+--------+--------+-----+--------+

Top non-repeatable levels by time:
 Snake:4: 4195 daAuts
    D:13: 3611 daAuts
 Crypt:3: 3028 daAuts
Vaults:5: 2457 daAuts
Shoals:4: 2326 daAuts
Vaults:3: 2296 daAuts
  Lair:2: 2261 daAuts
  Lair:5: 2260 daAuts
Vaults:1: 2100 daAuts
Vaults:2: 2096 daAuts
    D:14: 2053 daAuts
   IceCv: 2012 daAuts
   Elf:1: 1995 daAuts
     D:9: 1962 daAuts
Vaults:4: 1954 daAuts
